Map: Zen LE

Players

Snooze - Winner!

  • Race: Zerg Zerg
  • Spawn Location: 7:00

Massa

  • Race: Terran Terran
  • League: Gold
  • Spawn Location: 1:00

VOD

Have the link to the VOD?

Description

Time

  • Played on: May 22, 2020, 11:27 a.m.
  • Length: 24:11
Show
View Real Time Build Order
Export as new Build Order

Snooze Zerg - Winner!

Build Orders: Pool First 

Get SALT Encoding   

  12  0:01  Drone  
  13  0:08  Drone  
  14  0:17  Overlord  
  14  0:36  Drone x3  
  17  0:49  Drone  
  18  0:51  Spawning Pool  
  17  1:02  Drone  
  18  1:18  Hatchery  
  18  1:21  Extractor  
  16  1:29  Drone x2  
  18  1:33  Drone  
  18  1:38  Queen  
  21  1:55  Roach Warren  
  21  1:56  Zergling x2  
  21  2:06  Drone  
  21  2:07  Overlord  
  22  2:33  Drone x3  
  22  2:36  Roach  
  27  2:42  Queen  
  29  2:47  Queen  
  31  2:56  Drone  
  31  2:57  Drone x3  
  34  3:17  Baneling Nest  
  33  3:30  Drone x3  
  33  3:32  Overlord x3  
  36  3:36  Extractor  
  36  3:41  Extractor, Roach  
  36  3:57  Roach x6  
  36  3:58  Roach x2  
  52  4:05  Spore Crawler  
  52  4:08  Spore Crawler  
  50  4:23  Drone x2  
  50  4:24  Drone  
  53  4:25  Drone x3  
  53  4:28  Drone x3  
  59  4:43  Drone  
  59  4:45  Overlord x3  
  60  5:16  Zergling x2  
  60  5:17  Zergling x12  
  60  5:18  Zergling x6  
  70  5:24  Metabolic Boost  
  70  5:37  Evolution Chamber x3  
  67  5:44  Roach x2  
  71  5:53  Hatchery  
  71  5:54  Drone x3  
  71  5:55  Drone x2  
  68  6:22  Drone x3  
  72  6:25  Drone x2  
  72  6:26  Drone  
  72  6:29  Zerg Missile Weapons Level 1  
  72  6:31  Zerg Ground Armor Level 1  
  74  6:38  Overlord x3  
  74  6:39  Overlord  
  74  7:00  Overlord x3  
  74  7:08  Drone x3  
  74  7:09  Drone x6  
  74  7:12  Spore Crawler  
  82  7:23  Roach  
  82  7:26  Roach  
  86  7:33  Spore Crawler  
  85  7:37  Zerg Melee Weapons Level 1  
  85  7:44  Baneling x7  
  85  7:49  Zergling x6  
  88  7:59  Overlord x3  
  88  8:00  Overlord x2  
  88  8:07  Drone x10  
  98  8:17  Extractor  
  98  8:18  Extractor  
  96  8:25  Drone x3  
  96  8:26  Drone x3  
  102  8:39  Roach x2  
  102  8:40  Roach x4  
  102  8:41  Roach x3  
  120  8:42  Hatchery  
  119  8:50  Lair  
  119  9:18  Hatchery  
  118  9:25  Hatchery  
  117  9:55  Roach  
  117  9:56  Zergling x2  
  117  9:57  Zergling x12  
  117  9:58  Zergling x6, Roach  
  117  9:59  Roach x8  
  147  10:02  Zerg Melee Weapons Level 2  
  147  10:04  Zerg Missile Weapons Level 2  
  147  10:05  Zerg Ground Armor Level 2  
  147  10:11  Infestation Pit, Glial Reconstitution  
  146  10:14  Hydralisk Den  
  146  10:16  Queen  
  146  10:17  Queen x2  
  151  10:29  Queen  
  153  10:40  Extractor  
  153  10:42  Hydralisk Den, Roach  
  153  10:44  Hydralisk x5  
  153  10:47  Overlord x8  
  153  10:48  Overlord x2  
  163  11:06  Zergling x2  
  163  11:07  Zergling x16  
  163  11:08  Zergling x10  
  177  11:17  Hydralisk x4  
  185  11:28  Drone x7  
  185  11:29  Drone  
  185  11:30  Tunneling Claws  
  185  11:32  Overlord  
  193  11:34  Baneling  
  193  11:35  Baneling x3  
  193  11:36  Baneling x3  
  187  11:47  Centrifical Hooks  
  187  11:52  Hive  
  187  12:01  Spore Crawler  
  187  12:03  Baneling x4  
  187  12:04  Baneling x3  
  187  12:06  Baneling  
  187  12:07  Baneling x8  
  187  12:08  Baneling, Hydralisk  
  186  12:09  Hydralisk x2  
  186  12:10  Roach x2  
  196  12:37  Grooved Spines  
  196  12:38  Spire  
  195  12:48  Pneumatized Carapace  
  195  13:08  Hydralisk, Zergling x4  
  195  13:10  Overlord x2  
  195  13:11  Overlord x2  
  199  13:13  Overseer  
  199  13:14  Overseer  
  199  13:48  Muscular Augments  
  199  14:02  Zerg Melee Weapons Level 3  
  199  14:03  Zerg Missile Weapons Level 3  
  199  14:04  Zerg Ground Armor Level 3  
  199  14:09  Greater Spire  
  199  14:58  Zergling x2, Roach  
  199  14:59  Zergling x12  
  196  15:07  Roach x6  
  172  15:08  Roach x13  
  185  15:15  Roach  
  185  15:17  Zergling x12  
  185  15:18  Zergling x12  
  190  15:30  Zergling x2  
  190  15:31  Zergling x16  
  191  15:36  Ravager  
  191  15:38  Baneling x4  
  191  15:39  Baneling x10  
  191  15:41  Zergling x12  
  191  15:42  Zergling x4  
  200  15:49  Adrenal Glands  
  195  16:18  Hydralisk x4  
  170  16:19  Hydralisk x11  
  195  16:27  Baneling  
  194  16:53  Queen x4  
  194  16:54  Queen x2  
  189  16:56  Drone x4  
  189  17:01  Extractor  
  182  17:05  Extractor  
  163  17:18  Hydralisk  
  163  17:19  Hydralisk x7  
  163  17:20  Hydralisk x10  
  199  17:24  Baneling x5  
  199  17:25  Baneling x4  
  199  17:26  Baneling x5  
  198  18:19  Zergling x8  
  180  18:20  Zergling x24  
  180  18:21  Zergling x2  
  156  18:48  Zergling x4  
  156  18:49  Zergling x8  
  146  19:10  Mutalisk x6  
  146  19:11  Mutalisk x6  
  146  19:14  Roach  
  148  19:56  Mutalisk  
  148  19:57  Hydralisk x2  
  152  20:01  Extractor  
  152  20:02  Extractor  
  148  20:09  Extractor  
  148  20:13  Extractor  
  114  20:29  Zergling x6  
  114  20:30  Zergling x20  
  125  20:39  Zergling x2  
  125  20:40  Zergling x16  
  125  20:41  Zergling x22  
  125  20:42  Zergling x24  
  157  20:43  Zergling x2  
  158  20:58  Drone x3  
  158  21:00  Drone x3  
  158  21:03  Drone x3, Spine Crawler  
  146  21:29  Mutalisk x4  
  146  21:30  Mutalisk x2  
  143  21:47  Zergling x2  
  143  21:48  Zergling x16  
  143  21:49  Zergling x12  
  158  22:08  Zergling x6  
  160  22:09  Hydralisk x5  
  160  22:10  Hydralisk x9  
  160  22:13  Hatchery  
  188  22:22  Baneling x4  
  188  22:23  Baneling x5  
  188  23:09  Hatchery  
  187  23:19  Hatchery  
  163  23:37  Zergling x8  
  163  23:38  Zergling x10  
  163  23:39  Zergling x12  
Show
View Real Time Build Order
Export as new Build Order

Massa Terran 

Build Orders:  

Get SALT Encoding   

  12  0:10  Supply Depot  
  12  0:14  SCV  
  13  0:26  SCV  
  14  0:36  Barracks  
  14  0:40  SCV  
  15  0:52  SCV  
  16  1:06  SCV  
  17  1:18  SCV  
  17  1:25  Supply Depot  
  18  1:30  SCV  
  19  1:34  Refinery  
  19  1:37  Refinery  
  19  1:43  Orbital Command  
  19  1:48  Barracks  
  19  2:07  Marine  
  20  2:25  SCV, Marine  
  22  2:35  Factory  
  22  2:37  Barracks Tech Lab, SCV  
  22  2:43  Marine  
  24  3:01  Marine  
  24  3:09  Command Center  
  24  3:25  Starport  
  24  3:26  Barracks Tech Lab  
  24  3:27  SCV  
  24  3:33  Engineering Bay  
  25  3:34  Marine  
  25  3:38  Siege Tank  
  25  3:39  SCV  
  30  3:52  SCV  
  30  3:54  Supply Depot  
  31  4:01  Terran Infantry Weapons Level 1  
  31  4:16  SCV, Marauder, Marine, Medivac  
  37  4:28  SCV  
  38  4:33  Marine  
  39  4:46  Siege Tank  
  42  4:53  SCV x2  
  44  5:05  SCV x2  
  46  5:12  Viking  
  48  5:17  SCV  
  48  5:19  Missile Turret  
  49  5:30  SCV  
  49  5:32  Orbital Command  
  50  5:40  Missile Turret  
  50  5:42  SCV, Viking  
  53  5:44  Barracks Reactor  
  53  5:52  Supply Depot  
  53  5:54  SCV  
  54  6:01  Missile Turret  
  54  6:14  Marauder  
  56  6:21  Missile Turret  
  56  6:26  Medivac  
  58  6:35  Marauder  
  60  6:40  Supply Depot  
  60  6:47  Missile Turret  
  60  6:53  Command Center  
  60  6:57  Marauder  
  60  6:59  Sensor Tower  
  62  7:01  Siege Tank  
  62  7:03  Supply Depot  
  62  7:07  Missile Turret  
  65  7:08  SCV  
  65  7:09  SCV  
  65  7:12  Refinery  
  65  7:14  Refinery  
  67  7:21  SCV x2, Barracks  
  69  7:26  Supply Depot  
  69  7:29  Sensor Tower, Missile Turret  
  69  7:30  Terran Infantry Armor Level 1  
  69  7:33  SCV  
  69  7:34  Marine  
  69  7:35  Marine x2  
  73  7:50  Supply Depot  
  73  7:52  Marine x2  
  73  7:55  Sensor Tower  
  75  8:01  Armory  
  75  8:24  Supply Depot  
  73  8:34  SCV  
  74  8:46  SCV  
  75  8:49  Barracks Reactor  
  75  8:51  Engineering Bay, Marauder, Marine x2  
  75  8:54  Thor  
  85  8:58  SCV  
  85  9:02  Missile Turret  
  86  9:08  Marine  
  86  9:09  Marine  
  88  9:10  Planetary Fortress  
  88  9:12  Marauder  
  88  9:14  SCV  
  88  9:15  SCV  
  92  9:21  Supply Depot  
  92  9:22  Missile Turret  
  92  9:26  Marine x2  
  92  9:27  SCV x2  
  92  9:31  Terran Infantry Armor Level 2, Terran Infantry Weapons Level 2  
  96  9:33  Marauder  
  98  9:42  Missile Turret  
  98  9:43  Supply Depot  
  98  9:44  Marine x2  
  100  9:55  Marauder  
  102  10:04  Command Center  
  102  10:05  Thor  
  102  10:06  Supply Depot  
  108  10:11  Terran Vehicle Weapons Level 1  
  108  10:16  Marauder  
  108  10:18  Armory  
  108  10:20  Marine x2  
  108  10:21  Marine x2  
  114  10:33  Refinery x2  
  114  10:38  Marauder, Marine x3  
  114  10:39  Marine  
  120  10:56  Marine x4  
  124  10:59  Marauder  
  124  11:01  SCV  
  124  11:02  SCV x2  
  129  11:13  SCV  
  129  11:14  SCV x2, Marine x4  
  136  11:20  Marauder  
  138  11:26  SCV x2  
  140  11:34  Barracks  
  140  11:41  Marine  
  139  11:50  Terran Infantry Weapons Level 3, Terran Infantry Armor Level 3  
  139  11:57  Terran Vehicle And Ship Armor Level 1  
  139  11:59  Medivac  
  141  12:03  Marauder, Marine  
  141  12:04  Marine x3  
  147  12:11  Orbital Command  
  147  12:12  SCV x2  
  147  12:13  SCV  
  150  12:21  Marine x2  
  150  12:22  Marine x2  
  154  12:25  Marauder  
  156  12:34  Supply Depot  
  156  12:39  Barracks Reactor  
  156  12:55  SCV x3, Marine x3, Medivac  
  156  12:57  Terran Vehicle Weapons Level 2  
  164  13:00  Supply Depot  
  164  13:13  Factory  
  164  13:21  SCV x2, Marine x4  
  164  13:22  Marauder  
  164  13:23  Supply Depot  
  172  13:44  Marine x5  
  172  13:45  SCV x3, Supply Depot  
  180  13:54  Combat Shield  
  180  13:58  Command Center  
  180  14:07  SCV x3, Marauder, Marine  
  180  14:09  Supply Depot  
  186  14:14  Starport Reactor  
  186  14:19  SCV  
  187  14:24  Command Center  
  187  14:27  Refinery  
  187  14:31  Marauder, Thor  
  181  14:48  SCV x3  
  187  14:53  Marauder  
  170  15:00  SCV x2  
  142  15:13  Stimpack  
  142  15:14  Marauder, Thor  
  125  15:29  Marine x6  
  133  15:35  Marauder  
  133  15:40  Factory Tech Lab  
  133  15:47  Marine x6  
  139  15:56  Thor  
  147  15:57  Marauder  
  147  16:04  Marine x2  
  147  16:05  Marine x4  
  133  16:18  Marauder  
  133  16:22  Marine x3  
  133  16:23  Marine x3  
  112  16:29  Liberator x2  
  118  16:35  Starport  
  118  16:36  Starport  
  118  16:37  Starport  
  118  16:39  Thor  
  126  16:40  Marauder, Marine x4  
  130  16:50  Thor  
  130  16:53  Concussive Shells  
  118  17:01  Marauder  
  118  17:04  Marine x6  
  123  17:12  Liberator  
  123  17:13  SCV x2  
  123  17:14  SCV  
  129  17:21  Marine x2  
  129  17:22  Marauder, Marine x4, Thor  
  143  17:23  Command Center  
  143  17:25  SCV x2  
  143  17:26  SCV  
  146  17:32  Orbital Command  
  146  17:33  Thor  
  152  17:37  SCV  
  152  17:38  SCV x2  
  152  17:39  Marine x3  
  152  17:40  Marine x3  
  152  17:44  Marauder  
  163  17:52  Refinery  
  163  17:53  Refinery  
  162  18:05  Marauder  
  149  18:21  Marine x5  
  149  18:22  Marine  
  149  18:26  Marauder  
  88  18:37  Thor x2  
  88  18:39  Marine x4  
  104  18:48  Marauder  
  103  18:49  Command Center  
  103  19:09  Marauder  
  88  19:13  Marine x3  
  88  19:14  Marine x3  
  85  19:20  Thor  
  89  19:31  Marauder, Marine x4  
  78  19:32  Marine x2  
  70  19:49  Marine x4  
  70  19:50  Marine x2  
  70  19:52  Marauder  
  73  20:06  Marine  
  73  20:07  Marine x3  
  68  20:08  Marine x2  
  68  20:13  Marauder, Thor  
  78  20:21  Factory  
  78  20:24  Marine x2  
  78  20:25  Marine x2  
  79  20:35  Marauder  
  81  20:43  Planetary Fortress  
  81  20:50  Marine x5  
  81  20:51  Marine  
  81  20:56  Marauder, Thor  
  95  21:07  Marine  
  95  21:08  Marine x5, Command Center  
  101  21:18  Marauder  
  98  21:25  Marine x2  
  98  21:26  Marine x3  
  103  21:39  Marauder  
  104  21:51  Marine x3  
  104  21:52  Marine x3  
  104  21:53  SCV  
  111  21:55  SCV x3, Missile Turret x2  
  111  21:57  Missile Turret  
  111  21:58  Missile Turret  
  111  22:00  Marauder  
  116  22:05  SCV  
  116  22:07  SCV x3  
  120  22:09  Missile Turret  
  120  22:12  Viking  
  122  22:16  Missile Turret  
  122  22:17  Missile Turret  
  122  22:18  SCV  
  122  22:19  SCV x2  
  122  22:22  Marauder  
  126  22:27  SCV  
  128  22:30  SCV, Planetary Fortress  
  128  22:36  Missile Turret  
  128  22:43  Marauder  
  131  22:48  Missile Turret  
  131  22:51  Missile Turret  
  127  23:03  Marine x2  
  127  23:04  Marauder, Marine x2  
  132  23:17  Refinery  
  131  23:20  Refinery  
  131  23:26  Marauder  
  88  23:47  Marauder  
  65  23:50  Factory Tech Lab  
  65  23:52  Factory Tech Lab  
  65  24:04  Command Center  
Tags
 
League
Gold
Matchup
TvZ
Opening
Pool First
Replay Pack
Multiplayer
Spawn Locations
Cross Positions
Add a new tag
Caveats
  • Supply blocks, unpowered buildings, or Contaminate may cause inaccurate times.
  • Supply counts are checked every 10 seconds.